 Dungeon Crawl Stone Soup version 0.30-a0-782-ge64f9170bb (webtiles) character file.

Game seed: 1188732266837875485

424 Lavandula the Cutter (level 7, -3/52 HPs)
             Began as a Human Monk on Feb 22, 2023.
             Was a Believer of Elyvilon.
             Slain by an iguana (7 damage)
             ... on level 5 of the Dungeon.
             The game lasted 00:04:49 (3264 turns).

Lavandula the Cutter (Human Monk)                   Turns: 3264, Time: 00:04:49

Health: -3/52      AC: 15    Str: 14    XL:     7   Next: 17%
Magic:  7/7        EV:  6    Int: 10    God:    Elyvilon [**....]
Gold:   186        SH:  0    Dex: 15    Spells: 6/6 levels left

rFire   . . .      SeeInvis .    a - +0 falchion
rCold   . . .      Faith    .    (no shield)
rNeg    . . .      Spirit   .    p - +2 chain mail {Will+}
rPois   .          Reflect  .    (no helmet)
rElec   .          Harm     .    (no cloak)
rCorr   .          Rampage  .    n - +0 pair of gloves
Will    +....                    (no boots) Stlth
                                 (no amulet)
HPRegen 0.28/turn                i - +4 ring of protection
MPRegen 0.10/turn                (no ring)

@: no status effects
A: no striking features
a: Renounce Religion, Purification, Heal Other


You were on level 5 of the Dungeon.
You worshipped Elyvilon.
Elyvilon was pleased with you.
You visited 2 branches of the dungeon, and saw 6 of its levels.

You collected 186 gold pieces.

Inventory:

Hand Weapons
 a - a +0 falchion (weapon)
 h - a +0 short sword
Missiles
 e - 2 boomerangs (quivered)
Armour
 b - a +0 robe
 n - a +0 pair of gloves (worn)
 p - a +2 chain mail of willpower (worn)
 q - a +1 robe of willpower
Jewellery
 i - a +4 ring of protection (left hand)
Wands
 r - a wand of paralysis (6)
Scrolls
 d - a scroll of noise {unknown}
 f - 2 scrolls of fear {unknown}
 g - a scroll of enchant armour {unknown}
 k - 3 scrolls of fog {unknown}
 s - a scroll of identify
Potions
 c - 2 potions of ambrosia
 j - a potion of lignification
 l - a potion of mutation
 m - a potion of curing {unknown}
 o - a potion of might {unknown}


   Skills:
 - Level 3.0 Fighting
 + Level 6.8(7.1) Short Blades
 - Level 3.0(5.3) Long Blades
 - Level 3.0 Dodging
 - Level 2.0 Stealth


You had 6 spell levels left.
You didn't know any spells.
Your spell library contained the following spells:

 Spells                   Type           Power      Damage    Failure   Level
 Static Discharge         Conj/Air       0%         2-2/arc   100%        2
 Vhi's Electric Charge    Tloc/Air       0%         N/A       100%        3
 Arcjolt                  Conj/Air       0%         1d10      100%        5
 Lightning Bolt           Conj/Air       0%         1d11      100%        5


Dungeon Overview and Level Annotations

Branches:
Dungeon (5/15)             Temple (1/1) D:4

Altars:
Ashenzari
Cheibriados
Dithmenos
Elyvilon
Fedhas
Gozag
Makhleb
Nemelex Xobeh
Qazlal
Ru
Sif Muna
Trog
Uskayaw
Vehumet
Wu Jian
Zin
The Shining One


Message History

There is an open door here.
The jackal attacks as you move away!
The jackal bites you but does no damage.
The shadow imp hits you but does no damage.
You slash the shadow imp!
The shadow imp is severely wounded.
The shadow imp hits you but does no damage.
You hit the shadow imp.
You kill the shadow imp!
You hit the jackal.
You kill the jackal!
The jackal bites you but does no damage.
The jackal completely misses you.
The jackal bites you but does no damage.
You closely miss the jackal. The jackal barely misses you.
The jackal bites you but does no damage.
You barely miss the jackal. The jackal barely misses you.
The jackal bites you but does no damage. x2
You slash the jackal!
You kill the jackal!
The jackal barely misses you.
The jackal bites you but does no damage.
The jackal bites you but does no damage.
You see here a jackal corpse.
You barely miss the jackal.
The jackal bites you but does no damage. x2
You slash the jackal!
You kill the jackal!
You barely miss the iguana.
The iguana is heavily wounded.
The iguana bites you!
* * * LOW HITPOINT WARNING * * *
You hit the iguana.
The iguana is severely wounded.
The iguana bites you!
* * * LOW HITPOINT WARNING * * *
You barely miss the iguana.
The iguana is severely wounded.
The iguana bites you!
You die...

#....#..... .
+....#.... ..
#....#...# .
...##...<#...##..
..<......#.....
........##...#
........##...#
.......†l....#
).......#@...#
.>.##...#....#
... #...#....# .
.....###+##
..^...# ........
..##...


You could see an iguana.

Vanquished Creatures
  An ogre (D:4)
  A phantom (D:4)
  2 hounds
  A hound zombie (D:3)
  2 adders
  5 gnolls
  A shadow imp (D:5)
  2 ufetubi (D:4)
  An adder zombie (D:3)
  An adder skeleton (D:3)
  3 worms
  2 dart slugs
  An orc (D:4)
  4 ball pythons
  5 bats
  8 endoplasms
  3 giant cockroaches
  9 goblins
  7 hobgoblins
  7 jackals
  4 quokkas
  A ball python skeleton (D:3)
  8 frilled lizards
  8 kobolds
  5 rats (D:1)
92 creatures vanquished.

Notes
Turn   | Place    | Note
-------+----------+-------------------------------------------
     0 | D:1      | Lavandula the Human Monk began the quest for the Orb.
     0 | D:1      | Reached XP level 1. HP: 18/18 MP: 1/1
    90 | D:1      | Reached skill level 1 in Short Blades
   195 | D:1      | Reached XP level 2. HP: 22/24 MP: 2/2
   411 | D:1      | Reached skill level 2 in Short Blades
   411 | D:1      | Reached XP level 3. HP: 13/29 MP: 3/3
   753 | D:1      | Found a faded altar of an unknown god.
   855 | D:1      | Reached skill level 3 in Short Blades
  1017 | D:2      | Reached XP level 4. HP: 32/35 MP: 4/4
  1507 | D:3      | Reached skill level 4 in Short Blades
  1733 | D:3      | Reached XP level 5. HP: 23/41 MP: 5/5
  2132 | D:4      | Found a staircase to the Ecumenical Temple.
  2177 | Temple   | Entered the Ecumenical Temple
  2183 | Temple   | Became a worshipper of Elyvilon the Healer
  2183 | Temple   | Reached * piety under Elyvilon
  2183 | Temple   | Reached ** piety under Elyvilon
  2270 | D:4      | Noticed a phantom
  2286 | D:4      | Killed a phantom
  2287 | D:4      | Reached skill level 5 in Short Blades
  2287 | D:4      | Reached XP level 6. HP: 43/47 MP: 6/6
  2423 | D:4      | Noticed an ogre
  2435 | D:4      | Killed an ogre
  2436 | D:4      | Reached skill level 6 in Short Blades
  2854 | D:4      | Reached XP level 7. HP: 38/52 MP: 7/7
  3230 | D:5      | Entered Level 5 of the Dungeon
  3264 | D:5      | Slain by an iguana

Illustrated notes

Levels and vault maps discovered:
D:1:      dpeg_arrival_water_temple_mockup, layout_basic,
          dreamdust_ecumenical_altar_hidden_monk_grotto
D:2:      layout_rooms, minmay_fractal_squares_gapless_5
D:3:      layout_rooms, serial_undead, serial_undead_d, serial_undead_a,
          serial_undead_c, serial_undead_a
D:4:      layout_basic, minmay_temple_entry_slanted, kennysheep_generic_room_12
D:5:      layout_gridville
Temple:   sentei_temple_godly_chess

Skill      XL: |  1  2  3  4  5  6 |
---------------+-------------------+-----
Short Blades   | 1 2 3 4 5 6 |  6.8
Fighting       | |  3.0
Long Blades    | |  3.0
Dodging        | |  3.0
Stealth        | |  2.0

Action                     |  1- 3 |  4- 6 |  7- 9 || total
---------------------------+-------+-------+-------++-------
  Melee: Falchion          |   120 |   213 |    30 ||   363
         Punch             |     1 |     4 |       ||     5
    Use: Scroll            |       |     3 |       ||     3
         Potion            |       |     1 |       ||     1
   Stab: Sleeping          |     1 |     5 |       ||     6
 Armour: Robe              |    26 |    63 |       ||    89
         Chain mail        |       |    15 |    53 ||    68
         Skin              |       |     5 |       ||     5
  Dodge: Dodged            |    87 |   129 |    20 ||   236

Table legend: (Time is in decaauts)
 A = Elapsed time spent in this place.
 B = Non-inter-level travel time spent in this place.
 C = Inter-level travel time spent in this place.
 D = Time resting spent in this place.
 E = Time spent auto-exploring this place.
 F = Levels seen in this place.
 G = Mean time per level.
                   A        B        C        D        E       F      G
               +--------+--------+--------+--------+--------+-----+--------+
         Total |   3297 |   3189 |    108 |    260 |   2130 |   6 |  549.5 |
       Dungeon |   3286 |   3178 |    108 |    260 |   2130 |   5 |  657.2 |
        Temple |     10 |     10 |      0 |      0 |      0 |   1 |   10.0 |
               +--------+--------+--------+--------+--------+-----+--------+

Top non-repeatable levels by time:
     D:4: 1151 daAuts
     D:1: 953 daAuts
     D:3: 579 daAuts
     D:2: 567 daAuts
     D:5: 34 daAuts
  Temple: 10 daAuts
